cohdb
Replays
Latest Replays
All Replays
Popular Replays
Top Player Replays
Match Explorer
How It Works
Community
CoH3 Stats
Reddit
Sign in to upload your games and track your stats! →
Sign in with Steam
Match 46593039
Unlisted
Match 46593039
Overview
Messages
Build Orders
End
Construct Infanterie Kompanie
MG 42 Machine Gun Team
Grenadier Squad
Grenadier Squad
Grenadier Squad
Infanterie Officer Quarters
Selects Breakthrough Battlegroup
Selects Assault Grenadiers
Construct Panzergrenadier Kompanie
Medical Station
251 Medium Carrier
Support Elements
Selects Rapid Production
Nebelwerfer 42 Rocket Launcher Team
StuG III G Assault Gun
Panzergrenadier Officer Quarters
Panzergrenadier Squad
Side Skirts
Selects Blitzkrieg
Construct Panzer Kompanie
Pioneer Squad
Selects Breakthrough
Selects Breakthrough
Selects Incendiary Bombing Run
Incendiary Bombing Run
Showtaro
BinhoBiceps
Bran
Dillbro
0
0
Comments
sign in to comment!
No comments posted yet!